 Dungeon Crawl Stone Soup version 0.20.1-1-g8b1a95d (webtiles) character file.

2401 JustSomeDude the Merchant of Misery (level 9, 0/61 HPs)
             Began as a Demonspawn Necromancer on July 13, 2017.
             Was a Believer of Kikubaaqudgha.
             Slain by a killer bee (6 damage)
             ... on level 7 of the Dungeon on Aug 23, 2017.
             The game lasted 01:04:56 (8642 turns).

JustSomeDude the Merchant of Misery (DsNe)          Turns: 8642, Time: 01:04:56

Health: 0/61       AC:  6    Str:  8 (9)  XL:     9   Next: 23%
Magic:  17/17      EV: 16    Int: 18      God:    Kikubaaqudgha [**....]
Gold:   393        SH:  0    Dex: 13      Spells: 13/21 levels left

rFire    . . .     SeeInvis .   y - +10 falchion of Zuhal {freeze, rN+}
rCold    . . .     Gourm    .   (no shield)
rNeg     + . .     Faith    .   p - +2 robe {Archmagi}
rPois    +         Spirit   .   (helmet restricted)
rElec    .         Reflect  .   w - +0 cloak
rCorr    .         Harm     .   (no gloves)
MR       .....                  (no boots)
Stlth    ++........             (no amulet)
Regen    0.2/turn               k - ring of poison resistance
MPRegen  0.2/turn               (no ring)

@: no status effects
A: horns 1, repulsion field 2, deterioration 1, dopey 1, low mp 1, powered by
pain 2, shaggy fur 1
a: Receive Corpses, Renounce Religion


You were on level 7 of the Dungeon.
You worshipped Kikubaaqudgha.
Kikubaaqudgha was pleased with you.
You were not hungry.

You visited 2 branches of the dungeon, and saw 8 of its levels.
You also visited: Sewer.

You collected 393 gold pieces.

Inventory:

Hand Weapons
 r - a +1 short sword
 y - the +10 falchion of Zuhal (weapon) {freeze, rN+}
   (You found it on level 6 of the Dungeon)

   It has been specially enchanted to freeze those struck by it, causing extra
   injury to most foes and up to half again as much damage against particularly
   susceptible opponents.
   It can also slow down cold-blooded creatures.
   It protects you from negative energy.
Armour
 a - a +0 robe
 n - a +0 leather armour
 o - a +0 chain mail
 p - a +2 robe of the Archmagi (worn)
 w - a +0 cloak (worn)
 C - a +2 robe of magic resistance
Jewellery
 k - a ring of poison resistance (left hand)
Wands
 j - a wand of digging (7/24)
 u - a wand of random effects (8/48)
Scrolls
 d - 4 scrolls of identify
 e - 2 scrolls of fog {unknown}
 g - 2 scrolls of teleportation
 l - 3 scrolls of enchant armour
 m - 3 scrolls of amnesia
 t - a scroll of remove curse
 v - a scroll of recharging
 x - a scroll of fear {unknown}
Potions
 h - 3 potions of magic
 q - 3 potions of haste
 s - 3 potions of lignification
 z - a potion of flight {unknown}
 B - a potion of cancellation {unknown}
 D - a potion of invisibility {unknown}
Books
 b - a book of Necromancy

   Spells                             Type                      Level
   a - Pain                           Necromancy                   1
   b - Animate Skeleton               Necromancy                   1
   c - Vampiric Draining              Necromancy                   3
   d - Regeneration                   Charms/Necromancy            3
   e - Animate Dead                   Necromancy                   4
   f - Control Undead                 Necromancy                   4
 A - Kikubaaqudgha's Compendium of Dark Secrets
   (Kikubaaqudgha gifted it to you on level 6 of the Dungeon)

   Spells                             Type                      Level
   a - Animate Skeleton               Necromancy                   1
   b - Corpse Rot                     Necromancy                   2
   c - Sublimation of Blood           Necromancy                   2
   d - Regeneration                   Charms/Necromancy            3
   e - Control Undead                 Necromancy                   4
Comestibles
 c - 2 bread rations
 i - 2 meat rations


   Skills:
 + Level 2.2 Fighting
 + Level 0.3(3.0) Short Blades
 * Level 4.9(5.0) Long Blades
 + Level 2.4 Dodging
 + Level 2.8 Stealth
 + Level 6.7 Spellcasting
 + Level 0.5 Charms
 + Level 9.1 Necromancy
 + Level 1.4 Evocations


You had 13 spell levels left.
You knew the following spells:

 Your Spells              Type           Power        Failure   Level  Hunger
a - Pain                  Necr           ####         1%          1    None
b - Animate Dead          Necr           N/A          2%          4    ####...
c - Regeneration          Chrm/Necr      #####.....   4%          3    ##.....


Dungeon Overview and Level Annotations

Branches:
Dungeon (7/15)             Temple (1/1) D:5

Altars:
Ashenzari
Cheibriados
Dithmenos
Elyvilon
Fedhas
Hepliaklqana
Kikubaaqudgha
Makhleb
Nemelex Xobeh
Okawaru
Qazlal
Ru
Sif Muna
Trog
Vehumet
Xom
Yredelemnul
Zin
The Shining One

Shops:
D:7 [*


Innate Abilities, Weirdness & Mutations

You have a pair of small horns on your head.
You are surrounded by a moderate repulsion field. (EV +3)
You sometimes gain power by taking damage.
Your body sometimes deteriorates upon taking damage.
You are dopey. (Int -2)
Your magical capacity is low. (-10% MP)
You are covered in fur. (AC +1)


Message History

* * * LOW HITPOINT WARNING * * *
The killer bee stings you but does no damage.
Your bullfrog skeleton barely misses the killer bee.
The killer bee closely misses you.
You closely miss the killer bee.
The killer bee is severely wounded.
The killer bee barely misses you. The killer bee misses you.
You riposte.
You barely miss the killer bee.
The killer bee is severely wounded.
The killer bee misses you.
Your bullfrog skeleton closely misses the killer bee.
The killer bee stings you.
* * * LOW HITPOINT WARNING * * *
The killer bee barely misses you.
You hit the killer bee. You freeze the killer bee.
You kill the killer bee!
Kikubaaqudgha accepts your kill. The killer bee stings you.
You die...
Kikubaaqudgha rasps: "You have failed me!
Welcome... death!"

.........##.......########
.z......>.#..............#
$z.....##.+..............#
$.z.... ##..............#
$...... #..............#
#.........)....#
#..............#
#....y.........#
#...Z@.........#
#...)..........#
......############ ......
..... ..... .... ....


You could see a killer bee and a friendly bullfrog skeleton.

Vanquished Creatures
  2 water moccasins (D:6)
  A sky beast (D:7)
  2 orc warriors (D:6)
  2 ice beasts
  3 ogres
  2 big kobolds
  3 bullfrogs
  A scorpion (D:4)
  3 killer bees (D:7)
  A howler monkey (D:5)
  4 wights (D:7)
  A crimson imp (D:7)
  A jelly (D:6)
  A quasit (D:5)
  A bullfrog skeleton (D:5)
  4 orc wizards
  An orc priest (D:6)
  An iguana (D:7)
  3 worker ants
  A killer bee zombie (D:7)
  A worker ant zombie (D:5)
  4 gnolls
  18 adders
  2 river rats (Sewer)
  6 oozes
  5 worms
  6 leopard geckos
  15 orcs
  14 bats
  2 giant cockroaches
  5 goblins
  7 hobgoblins
  6 jackals (D:1)
  2 quokkas (D:6)
  7 ball pythons
  5 frilled lizards
  14 kobolds
  A quokka skeleton (D:6)
  A quokka zombie (D:6)
  8 rats
167 creatures vanquished.

Vanquished Creatures (collateral kills)
  A killer bee (D:7)
  An orc wizard (D:6)
  A shadow imp (D:7)
3 creatures vanquished.

Grand Total: 170 creatures vanquished

Notes
Turn   | Place    | Note
-------+----------+-------------------------------------------
     0 | D:1      | JustSomeDude the Demonspawn Necromancer began the quest for the Orb.
     0 | D:1      | Reached XP level 1. HP: 13/13 MP: 3/3
   523 | D:1      | Gained mutation: You are surrounded by a mild repulsion field. (EV +2) [demonic ancestry]
   523 | D:1      | Reached XP level 2. HP: 17/19 MP: 0/5
  1088 | D:1      | Gained mutation: You have a pair of small horns on your head. [demonic ancestry]
  1088 | D:1      | Reached XP level 3. HP: 15/24 MP: 2/6
  1304 | D:2      | Reached skill level 5 in Necromancy
  1507 | D:1      | HP: 1/24 [poisoned by an adder]
  1932 | D:2      | Reached XP level 4. HP: 26/30 MP: 4/8
  2534 | D:2      | Found a deep blue altar of Sif Muna.
  2711 | D:2      | Found a stormy altar of Qazlal.
  2716 | D:2      | Reached XP level 5. HP: 29/35 MP: 3/10
  2940 | D:3      | Found a glowing drain.
  3201 | Sewer    | Entered a sewer
  3233 | Sewer    | Reached skill level 6 in Necromancy
  4355 | Sewer    | Reached XP level 6. HP: 15/42 MP: 1/12
  4632 | D:3      | Found a hazy altar of Hepliaklqana.
  4807 | D:4      | Learned a level 4 spell: Animate Dead
  5168 | D:5      | Entered Level 5 of the Dungeon
  5461 | D:5      | Reached skill level 5 in Spellcasting
  5461 | D:5      | Reached skill level 7 in Necromancy
  5461 | D:5      | Gained mutation: You sometimes gain a little power by taking damage. [demonic ancestry]
  5461 | D:5      | Reached XP level 7. HP: 43/47 MP: 7/14
  5468 | D:5      | Found a staircase to the Ecumenical Temple.
  5477 | Temple   | Entered the Ecumenical Temple
  5619 | Temple   | Became a worshipper of Kikubaaqudgha
  7420 | D:6      | Got a dazzling falchion
  7421 | D:6      | Identified the +10 falchion of Zuhal {freeze, rN+} (You found it on level 6 of the Dungeon)
  7543 | D:6      | Reached * piety under Kikubaaqudgha
  7543 | D:6      | Identified Kikubaaqudgha's Compendium of Dark Secrets (Kikubaaqudgha gifted it to you on level 6 of the Dungeon)
  7543 | D:6      | Received a gift from Kikubaaqudgha
  7557 | D:6      | Learned a level 3 spell: Regeneration
  7587 | D:6      | Reached skill level 1 in Fighting
  7587 | D:6      | Reached skill level 1 in Evocations
  7587 | D:6      | Gained mutation: You sometimes gain power by taking damage. [demonic ancestry]
  7587 | D:6      | Reached XP level 8. HP: 16/54 MP: 15/17
  7618 | D:6      | Reached skill level 8 in Necromancy
  7689 | D:6      | Reached skill level 1 in Long Blades
  8073 | D:7      | Found Sifeowin's Assorted Antiques.
  8118 | D:7      | Found Palor's Antique Armour Boutique.
  8554 | D:7      | Reached ** piety under Kikubaaqudgha
  8571 | D:7      | Gained mutation: You are surrounded by a moderate repulsion field. (EV +3) [demonic ancestry]
  8571 | D:7      | Reached XP level 9. HP: 28/61 MP: 18/18
  8609 | D:7      | Gained mutation: You are dopey. (Int -2) [mutagenic meat]
  8610 | D:7      | Gained mutation: Your magical capacity is low. (-10% MP) [mutagenic meat]
  8611 | D:7      | Gained mutation: Scrolls take you a little longer to read. [mutagenic meat]
  8612 | D:7      | Gained mutation: You are covered in fur. (AC +1) [mutagenic meat]
  8613 | D:7      | Lost mutation: Scrolls take you a little longer to read. [mutagenic meat]
  8614 | D:7      | Gained mutation: Your body sometimes deteriorates upon taking damage. [mutagenic meat]
  8638 | D:7      | Reached skill level 9 in Necromancy
  8642 | D:7      | Slain by a killer bee

Skill      XL: |  1  2  3  4  5  6  7  8  9 |
---------------+----------------------------+-----
Necromancy     | 5 6 7 8 9 |  9.1
Spellcasting   | 3 4 5 6 |  6.7
Dodging        | 2 |  2.4
Stealth        | 2 |  2.8
Fighting       | 1 2 |  2.2
Evocations     | 1 |  1.4
Long Blades    | 4 |  4.9
Short Blades   | |  0.3
Charms         | |  0.5

Action                   |  1- 3 |  4- 6 |  7- 9 || total
-------------------------+-------+-------+-------++-------
Melee: Unarmed           |     9 |       |       ||     9
       Short sword       |       |    25 |     7 ||    32
       Headbutt          |       |     4 |     8 ||    12
       Falchion          |       |       |    88 ||    88
 Cast: Pain              |    70 |   165 |    96 ||   331
       Animate Dead      |       |     2 |    13 ||    15
       Regeneration      |       |       |     8 ||     8
Evoke: Wand              |       |       |     9 ||     9
  Use: Potion            |     3 |     2 |     2 ||     7
       Scroll            |     1 |     9 |     4 ||    14
 Stab: Paralysed         |       |       |     3 ||     3
       Sleeping          |       |       |     2 ||     2
  Eat: Chunk             |     3 |     8 |    16 ||    27
       Bread ration      |       |     1 |       ||     1
       Royal jelly       |       |       |     1 ||     1
Armor: Robe              |     6 |     6 |    17 ||    29
       Skin              |       |     2 |       ||     2
Dodge: Dodged            |    22 |    66 |    83 ||   171
       Rpst.: Falchion   |       |       |    20 ||    20
